 Dungeon Crawl Stone Soup version 0.22.1 (webtiles) character file.

71043 Heatsaber the Covert (level 14, -6/77 HPs)
             Began as a Spriggan Enchanter on Sept 13, 2018.
             Was an Initiate of Gozag.
             Mangled by an alligator snapping turtle (40 damage)
             ... on level 3 of the Shoals on Sept 18, 2018.
             The game lasted 04:40:05 (26122 turns).

Heatsaber the Covert (Spriggan Enchanter)          Turns: 26122, Time: 04:40:09

Health: -6/77      AC:  7    Str:  4    XL:     14   Next: 96%
Magic:  32/38      EV: 35    Int: 23    God:    Gozag
Gold:   3604       SH: 11    Dex: 18    Spells: 5/33 levels left

rFire    . . .     SeeInvis +   s - +1 dagger (venom)
rCold    + . .     Gourm    .   I - +3 buckler {AC+3}
rNeg     . . .     Faith    .   N - +2 robe {Archmagi}
rPois    .         Spirit   .   (helmet restricted)
rElec    +         Reflect  .   b - scarf {cloud immunity}
rCorr    .         Harm     .   (gloves unavailable)
MR       ++...                  (boots unavailable)
Stlth    +++++.....             J - amulet of the Air {Inacc +Fly rElec EV+5 RMsl}
HPRegen  0.22/turn              V - ring "Emageeg" {+Blink rC+ Int+3 Stlth-}
MPRegen  0.26/turn              K - ring of magical power

@: very slightly contaminated, invisible, repel missiles, very quick
A: very small, unfitting armour, see invisible, herbivore, speed 3, slow
metabolism 2
a: Potion Petition, Call Merchant, Bribe Branch, Renounce Religion, Evoke Blink,
Evoke Flight


You were on level 3 of the Shoals.
You worshipped Gozag.
Gozag was most pleased with you.
You were hungry.

You visited 4 branches of the dungeon, and saw 24 of its levels.

You collected 5159 gold pieces.
You spent 1050 gold pieces at shops.
You paid 505 gold pieces to Gozag.

Inventory:

Hand Weapons
 s - a +1 dagger of venom (weapon)
 y - a +0 dagger of freezing
 O - the +6 hunting sling of Impatience {flame, Str+6}
   (You found it on level 1 of the Lair of Beasts)

   It causes projectiles fired from it to burn those they strike, causing extra
   injury to most foes and up to half again as much damage against particularly
   susceptible opponents.
   It affects your strength (+6).
Armour
 b - a scarf of cloud immunity (worn)
 I - a +3 buckler of protection (worn)
 N - a +2 robe of the Archmagi (worn)
 R - a +2 robe of positive energy
 W - a +2 robe of cold resistance
Jewellery
 a - the ring "Numpa" {rF+ rN+++ MR+++ Int-6 Dex-5}
   (You found it on level 13 of the Dungeon)

   [ring of intelligence]

   It affects your intelligence (-6).
   It affects your dexterity (-5).
   It protects you from fire.
   It renders you almost immune to negative energy.
   It affects your resistance to hostile enchantments.
 v - an uncursed ring of protection from magic
 J - the amulet of the Air (around neck) {Inacc +Fly rElec EV+5 RMsl}
   (You found it on level 13 of the Dungeon)

   [amulet of inaccuracy]

   It reduces the accuracy of all your attacks.
   It affects your evasion (+5).
   It insulates you from electricity.
   It lets you fly.
   It protects you from missiles.
 K - a ring of magical power (right hand)
 V - the ring "Emageeg" (left hand) {+Blink rC+ Int+3 Stlth-}
   (You found it on level 5 of the Lair of Beasts)

   [ring of attention]

   It affects your intelligence (+3).
   It protects you from cold.
   It lets you blink.
   It makes you less stealthy.
Wands
 q - a wand of digging (28)
 r - a wand of iceblast (45)
 x - a wand of flame (11)
 A - a wand of acid (15)
 H - a wand of enslavement (19)
 L - a wand of clouds (6)
 M - a wand of paralysis (13)
 Q - a wand of disintegration (44)
Scrolls
 e - 21 scrolls of remove curse
 f - 3 scrolls of amnesia
 h - 12 scrolls of teleportation
 k - 7 scrolls of immolation
 l - a scroll of summoning
 m - 3 scrolls of magic mapping
 n - 2 scrolls of blinking
 p - a scroll of enchant weapon
 t - 5 scrolls of fear
 w - 4 scrolls of enchant armour
 z - a scroll of brand weapon
Potions
 g - 4 potions of magic
 i - 10 potions of curing
 j - 3 potions of flight
 o - a potion of mutation
 B - a potion of agility
 C - a potion of cancellation
 E - a potion of ambrosia
 G - 2 potions of haste
 P - a potion of might {unknown}
 S - a potion of resistance
 T - a potion of brilliance {unknown}
 U - 3 potions of lignification
 Y - 3 potions of heal wounds
Miscellaneous
 c - a fan of gales
 F - a crystal ball of energy
Comestibles
 d - 27 rations


   Skills:
 - Level 10.0 Fighting
 - Level 10.0 Short Blades
 - Level 13.0 Dodging
 + Level 14.0 Stealth
 - Level 7.2 Shields
 - Level 10.0 Spellcasting
 - Level 10.0 Hexes
 + Level 6.0 Translocations
 - Level 0.4 Ice Magic
 + Level 14.0 Evocations


You had 5 spell levels left.
You knew the following spells:

 Your Spells              Type           Power        Failure   Level  Hunger
a - Corona                Hex            ######.      1%          1    None
b - Ensorcelled Hibernat  Hex/Ice        ######       1%          2    None
c - Confuse               Hex            ######..     1%          3    None
d - Tukima's Dance        Hex            ######..     1%          3    None
e - Invisibility          Hex            ######..     14%         6    ######.
f - Darkness              Hex            ######....   14%         6    ######.
g - Passage of Golubria   Tloc           N/A          4%          4    #......
h - Mephitic Cloud        Conj/Pois/Air  ###.....     17%         3    None

Your spell library contained the following spells:

 Spells                   Type           Power        Failure   Level  Hunger
 Blink                    Tloc           N/A          1%          2    None
 Slow                     Hex            ######..     1%          2    None
 Dazzling Spray           Conj/Hex       ######       2%          3    None
 Magic Dart               Conj           ###.         5%          1    None
 Sandblast                Erth           ###...       5%          1    None
 Call Imp                 Summ           ###.....     9%          2    None
 Passwall                 Tmut/Erth      ###.....     9%          2    None
 Swiftness                Chrm/Air       ###.....     9%          2    None
 Conjure Flame            Conj/Fire      ###.....     17%         3    None
 Stone Arrow              Conj/Erth      ###...       17%         3    None
 Petrify                  Tmut/Erth      ###.....     50%         4    #......
 Bolt of Magma            Conj/Fire/Erth ###.......   83%         5    ####...
 Iskenderun's Battlesphe  Conj/Chrm      ###.....     83%         5    ####...
 Lee's Rapid Deconstruct  Erth           ###.......   83%         5    ####...
 Venom Bolt               Conj/Pois      ###.......   83%         5    ####...
 Iron Shot                Conj/Erth      ###.......   100%        6    ######.
 Orb of Destruction       Conj           ###.......   100%        7    #######
 Spellforged Servitor     Conj/Summ      ###.......   100%        7    #######


Dungeon Overview and Level Annotations

Branches:
Dungeon (14/15)            Temple (1/1) D:4            Lair (5/6) D:11
 Shoals (4/4) Lair:2       Spider (0/4) Lair:3          Orc (0/2) D:11
  Slime: Lair:5-6    Vaults: D:13-14

Altars:
Ashenzari
Cheibriados
Dithmenos
Elyvilon
Fedhas
Gozag
Hepliaklqana
Kikubaaqudgha
Makhleb
Nemelex Xobeh
Okawaru
Qazlal
Ru
Sif Muna
Trog
Uskayaw
Vehumet
Wu Jian
Xom
Yredelemnul
Zin
The Shining One

Shops:
D:11 :


Innate Abilities, Weirdness & Mutations

You are very small and have problems with some larger weapons.
You are too small for most types of armour.
You have supernaturally acute eyesight. (SInv)
You are a herbivore.
You cover ground extremely quickly.
You need to consume almost no food.


Message History

Unknown command.
You barely miss the merfolk.
The merfolk is moderately wounded.
The alligator snapping turtle barely misses you.
You hit the merfolk but do no damage.
The merfolk is moderately wounded.
You closely miss the merfolk.
The merfolk is moderately wounded.
The alligator snapping turtle completely misses you.
You hit the merfolk but do no damage.
The merfolk looks even sicker.
The merfolk is moderately wounded.
You hit the alligator snapping turtle but do no damage.
The alligator snapping turtle is moderately wounded.
You hit the alligator snapping turtle but do no damage.
The alligator snapping turtle looks as sick as possible!
The alligator snapping turtle is heavily wounded.
The alligator snapping turtle bites you!!!
Ouch! That really hurt!
You die...
Your body crumbles into a pile of gold.

≈≈≈≈≈≈≈.≈≈≈≈≈≈≈≈≈≈≈≈≈≈≈
≈≈≈≈≈≈≈......≈≈≈≈≈≈≈≈≈≈≈#
≈≈≈≈≈.....#..≈≈≈≈≈≈≈≈≈≈≈#
.≈≈≈.....##..≈≈≈≈≈≈≈≈≈≈≈#
...≈≈..#####.≈≈≈≈≈≈≈≈≈≈≈#
...............≈≈≈≈≈≈≈≈≈#
...............m.≈≈≈≈≈≈≈#
..................≈≈≈≈≈≈#
...........#####@..≈≈≈≈≈#
...........# ##t..≈≈≈≈#
...........### ##..≈≈≈≈#
[............# #..≈≈≈≈#
≈..........#.# ##.≈≈≈≈#
....©......#.## #..≈≈≈≈#
#########..##.####.≈≈≈≈≈#
#8....(8##.#.##..≈≈≈≈≈≈≈#
........©#.......≈≈≈≈≈≈≈#


You could see an alligator snapping turtle and a merfolk.

Vanquished Creatures
  The ghost of Xanaz the Slayer, an adept MiFi of Jiyva (Shoals:3)
  A kraken (Shoals:2)
  2 merfolk javelineers (Shoals:3)
  2 merfolk impalers
  Josephine (Lair:5)
  4 hydras
  A centaur warrior (D:13)
  A merfolk aquamancer (Shoals:3)
  A merfolk avatar (Shoals:2)
  Erica (Lair:2)
  A death yak (D:10)
  The ghost of skk the Blocker, a journeyman TeFi of Okawaru (D:11)
  2 tengu warriors (D:13)
  2 two-headed ogres
  3 skeletal warriors (D:13)
  An unseen horror (D:13)
  9 sea snakes
  10 harpies
  An ugly thing (D:13)
  8 manticores
  2 cyclopes
  2 fauns (Shoals:1)
  5 merfolk sirens
  Joseph (D:7)
  An ice statue (D:12)
  4 water nymphs
  A gargoyle (D:13)
  8 spiny frogs
  A kobold demonologist (D:12)
  A komodo dragon (Lair:3)
  3 rime drakes
  2 jumping spiders (Lair:3)
  3 trolls
  14 merfolk
  Grinder (D:3)
  A queen bee (Lair:1)
  3 wind drakes
  4 blink frogs (Lair:3)
  2 hornets
  13 slime creatures
  A meliai zombie (D:13)
  5 snapping turtles
  2 dream sheep (Shoals:1)
  9 hippogriffs
  Sigmund (D:4)
  A centaur simulacrum (D:10)
  2 redbacks (Lair:3)
  5 water elementals
  6 wraiths
  3 basilisks
  3 hogs (D:7)
  38 yaks
  2 wyverns
  Grum (D:8)
  Eustachio (D:5)
  4 hungry ghosts
  A human (D:7)
  3 vampire mosquitoes (D:13)
  Menkaure (D:7)
  4 wargs (D:11)
  5 water moccasins
  8 porcupines
  A soldier ant (D:12)
  2 eyes of draining (D:13)
  3 orc warriors
  2 black bears
  5 ice beasts
  4 sky beasts
  6 wolves
  7 necrophages
  5 ogres
  3 phantoms
  5 centaurs
  8 crocodiles
  A big kobold (D:10)
  16 bullfrogs
  2 scorpions
  19 killer bees (Lair:1)
  4 electric eels (D:11)
  2 howler monkeys
  A centaur zombie (D:10)
  2 crimson imps
  2 bullfrog zombies
  A quasit (D:10)
  15 hounds
  7 orc wizards
  4 orc priests
  2 jellies
  A bullfrog skeleton (D:10)
  2 centaur skeletons
  A gnoll shaman (D:9)
  An iguana (D:7)
  Ijyb (D:4)
  6 worker ants
  A hound skeleton (D:7)
  2 hound zombies
  A killer bee simulacrum (D:10)
  A howler monkey zombie (D:5)
  18 gnolls
  A howler monkey skeleton (D:5)
  9 adders
  2 shadow imps
  2 white imps (D:10)
  5 worker ant simulacra (D:10)
  2 ufetubi (D:10)
  An adder zombie (D:7)
  2 worms (D:2)
  4 dart slugs
  3 leopard geckos
  38 orcs
  4 giant cockroaches
  8 goblins
  9 hobgoblins
  17 jackals
  5 quokkas
  5 ball pythons
  4 bats
  7 frilled lizards
  A hobgoblin zombie (D:7)
  8 kobolds
  A kobold skeleton (D:7)
  A kobold zombie (D:7)
  3 orc skeletons (D:7)
  2 orc zombies (D:7)
  A quokka skeleton (D:7)
  2 quokka zombies
  8 rats
550 creatures vanquished.

Vanquished Creatures (collateral kills)
  Erolcha (D:13)
  An ogre (D:9)
  5 gnolls
7 creatures vanquished.

Vanquished Creatures (others)
  5 dancing weapons
  A fungus (Lair:3)
  3 plants
  5 tentacles (Shoals:2)
14 creatures vanquished.

Grand Total: 571 creatures vanquished

Notes
Turn   | Place    | Note
-------+----------+-------------------------------------------
     0 | D:1      | Heatsaber the Spriggan Enchanter began the quest for the
                  | Orb.
     0 | D:1      | Reached XP level 1. HP: 9/9 MP: 5/5
   481 | D:1      | Reached skill level 5 in Stealth
   481 | D:1      | Reached XP level 2. HP: 13/13 MP: 6/6
   485 | D:1      | Learned a level 2 spell: Ensorcelled Hibernation
  1117 | D:1      | Reached XP level 3. HP: 3/16 MP: 2/8
  1591 | D:2      | Learned a level 3 spell: Confuse
  2617 | D:3      | Found a faded altar of an unknown god.
  2627 | D:3      | Reached XP level 4. HP: 15/21 MP: 9/9
  2823 | D:3      | Noticed Grinder
  2839 | D:3      | Killed Grinder
  2839 | D:3      | Reached skill level 5 in Hexes
  2839 | D:3      | Reached XP level 5. HP: 9/24 MP: 7/12
  2839 | D:3      | Reached XP level 6. HP: 10/28 MP: 7/13
  3694 | D:4      | Found a staircase to the Ecumenical Temple.
  3705 | Temple   | Entered the Ecumenical Temple
  3951 | D:4      | Noticed Ijyb
  3966 | D:4      | Killed Ijyb
  4037 | D:4      | Found a sacrificial altar of Ru.
  4072 | D:4      | Found a hide-covered altar of Uskayaw.
  4541 | D:4      | Noticed Sigmund
  4716 | D:4      | HP: 2/42 [poisoned by a worker ant]
  4721 | D:4      | HP: 1/42 [poisoned by a worker ant]
  5033 | D:4      | Killed Sigmund
  5033 | D:4      | Reached XP level 7. HP: 32/32 MP: 14/14
  5134 | D:4      | Learned a level 3 spell: Tukima's Dance
  5155 | D:4      | Reached skill level 5 in Short Blades
  5173 | D:5      | Entered Level 5 of the Dungeon
  5173 | D:5      | Noticed a yak
  5176 | D:5      | Noticed a yak
  5180 | D:5      | Noticed a yak
  5182 | D:5      | Noticed a yak
  5183 | D:5      | Noticed a yak
  5407 | D:5      | Reached skill level 1 in Fighting
  5433 | D:5      | Killed a yak
  5433 | D:5      | Reached XP level 8. HP: 33/37 MP: 4/15
  5449 | D:5      | Reached skill level 5 in Dodging
  5655 | D:5      | Upgraded the game from 0.22.0-75-g3901e79 to
                  | 0.22.0-78-g6c94d2c
  5810 | D:5      | Noticed Eustachio
  6393 | D:5      | Killed Eustachio
  6393 | D:5      | Reached XP level 9. HP: 21/44 MP: 13/16
  6513 | D:5      | Found a basalt altar of Yredelemnul.
  6513 | D:5      | Found a sparkling altar of Nemelex Xobeh.
  6538 | D:5      | Found a shadowy altar of Dithmenos.
  6553 | D:5      | Found an opulent altar of Gozag.
  6561 | D:5      | Became a worshipper of Gozag Ym Sagoz the Greedy
  6566 | D:5      | Found a hazy altar of Hepliaklqana.
  6695 | D:5      | Found a stormy altar of Qazlal.
  6792 | D:6      | Found a shimmering altar of Xom.
  7827 | D:7      | Found a glowing golden altar of the Shining One.
  8064 | D:7      | Noticed Menkaure
  8072 | D:7      | Killed Menkaure
  8139 | D:7      | Found a radiant altar of Vehumet.
  8324 | D:7      | Noticed Joseph
  8326 | D:7      | Killed Joseph
  8326 | D:7      | Reached XP level 10. HP: 51/51 MP: 17/17
  8398 | D:7      | Reached skill level 5 in Fighting
  8724 | D:7      | Reached skill level 10 in Stealth
  9152 | D:8      | Noticed Grum
  9259 | D:8      | Killed Grum
  9272 | D:8      | Reached skill level 10 in Dodging
 11006 | D:10     | Entered Level 10 of the Dungeon
 11044 | D:10     | Reached skill level 5 in Spellcasting
 11135 | D:10     | Upgraded the game from 0.22.0-78-g6c94d2c to 0.22.1
 11231 | D:10     | Noticed a death yak
 11363 | D:10     | Killed a death yak
 11626 | D:10     | Reached XP level 11. HP: 56/56 MP: 5/20
 11738 | D:10     | Found a shadowy altar of Dithmenos.
 11952 | D:10     | Noticed a two-headed ogre
 11954 | D:10     | Killed a two-headed ogre
 11981 | D:10     | Reached skill level 10 in Short Blades
 12594 | D:11     | Found a staircase to the Orcish Mines.
 12656 | D:11     | Bought a book of Burglary for 1050 gold pieces
 12678 | D:11     | Learned a level 6 spell: Invisibility
 12685 | D:11     | Learned a level 6 spell: Darkness
 12689 | D:11     | Found a large runed door.
 12689 | D:11     | Found a large runed door.
 13227 | D:11     | Found a staircase to the Lair.
 13820 | D:11     | Noticed skk's ghost (journeyman TeFi)
 13860 | D:11     | Killed skk's ghost
 14404 | D:12     | Reached skill level 10 in Hexes
 14743 | D:12     | Reached skill level 1 in Evocations
 14796 | D:12     | Reached XP level 12. HP: 46/63 MP: 3/24
 15790 | D:13     | Noticed a tengu warrior
 15794 | D:13     | Noticed a tengu warrior
 15821 | D:13     | Killed a tengu warrior
 15825 | D:13     | Killed a tengu warrior
 15860 | D:13     | Found the amulet of the Air {Inacc +Fly rElec EV+5 RMsl}
 16152 | D:13     | Reached skill level 1 in Shields
 16167 | D:13     | Noticed a centaur warrior
 16170 | D:13     | Reached skill level 5 in Evocations
 16175 | D:13     | Killed a centaur warrior
 16276 | D:13     | Found a glowing golden altar of the Shining One.
 16633 | D:13     | Learned a level 4 spell: Passage of Golubria
 16651 | D:13     | Noticed a two-headed ogre
 16655 | D:13     | Killed a two-headed ogre
 16807 | D:13     | Noticed Erolcha
 16825 | D:13     | Killed Erolcha
 16906 | D:13     | Got a pitted iron ring
 16977 | D:13     | Identified the cursed ring "Numpa" {rF+ rN+++ MR+++ Int-6
                  | Dex-5} (You found it on level 13 of the Dungeon)
 17431 | Lair:1   | Entered Level 1 of the Lair of Beasts
 17435 | Lair:1   | Got a smoking hunting sling
 17436 | Lair:1   | Identified the +6 hunting sling of Impatience {flame,
                  | Str+6} (You found it on level 1 of the Lair of Beasts)
 17549 | Lair:1   | Reached skill level 10 in Spellcasting
 17564 | Lair:1   | Reached XP level 13. HP: 53/69 MP: 9/28
 18651 | Lair:2   | Found a staircase to the Shoals.
 18655 | Lair:2   | Reached skill level 1 in Translocations
 18705 | Lair:2   | Noticed Erica
 18724 | Lair:2   | Killed Erica
 20219 | Lair:3   | Found a hole to the Spider Nest.
 20943 | Lair:4   | Reached skill level 5 in Translocations
 21452 | Lair:5   | Got a vibrating pewter ring
 21454 | Lair:5   | Identified the ring "Emageeg" {+Blink rC+ Int+3 Stlth-}
                  | (You found it on level 5 of the Lair of Beasts)
 21510 | Lair:5   | Noticed Josephine
 21538 | Lair:5   | Killed Josephine
 21538 | Lair:5   | Reached skill level 5 in Shields
 22149 | Shoals:1 | Entered Level 1 of the Shoals
 22150 | Shoals:1 | Reached skill level 10 in Evocations
 22320 | Shoals:1 | Reached XP level 14. HP: 56/76 MP: 29/29
 22462 | Shoals:1 | Reached skill level 10 in Fighting
 23513 | Shoals:2 | Noticed a kraken
 23572 | Shoals:2 | Killed a kraken
 24314 | Shoals:3 | Learned a level 3 spell: Mephitic Cloud
 24407 | Shoals:3 | Noticed Xanaz's ghost (adept MiFi)
 24417 | Shoals:3 | Found a transporter.
 24423 | Shoals:3 | Found a transporter.
 25437 | Shoals:3 | Killed Xanaz's ghost
 25744 | Shoals:4 | Entered Level 4 of the Shoals
 26122 | Shoals:3 | Mangled by an alligator snapping turtle

Skill      XL: |  1  2  3  4  5  6  7  8  9 10 11 12 13 14 |
---------------+-------------------------------------------+-----
Stealth        | 5 6 7 8 9 10 12 14 | 14.0
Hexes          | 4 5 6 7 8 10 | 10.0
Spellcasting   | 3 4 5 7 10 | 10.0
Short Blades   | 2 4 5 7 8 9 10 | 10.0
Fighting       | 1 3 4 6 7 8 9 10 | 10.0
Dodging        | 4 6 9 10 12 13 | 13.0
Evocations     | 1 7 10 14 | 14.0
Shields        | 3 5 7 |  7.2
Translocations | 6 |  6.0
Ice Magic      | |  0.4

Action                   |  1- 3 |  4- 6 |  7- 9 | 10-12 | 13-15 || total
-------------------------+-------+-------+-------+-------+-------++-------
Melee: Dagger            |   202 |   111 |   336 |   816 |   616 ||  2081
 Cast: Corona            |     1 |       |       |       |       ||     1
       Ensorcelled Hiber |    27 |    12 |    39 |   118 |    89 ||   285
       Confuse           |       |    11 |    26 |    89 |    91 ||   217
       Tukima's Dance    |       |       |    16 |    10 |     1 ||    27
       Invisibility      |       |       |       |     4 |     8 ||    12
       Darkness          |       |       |       |     2 |       ||     2
       Mephitic Cloud    |       |       |       |       |     6 ||     6
Invok: Potion Petition   |       |       |       |     1 |       ||     1
       Call Merchant     |       |       |       |     1 |       ||     1
 Abil: Evoke Flight      |       |       |       |       |    15 ||    15
       Evoke Blink       |       |       |       |       |     4 ||     4
Evoke: Wand              |       |       |       |     6 |    36 ||    42
       Crystal ball of e |       |       |       |     1 |    20 ||    21
  Use: Potion            |       |     5 |       |     2 |     1 ||     8
       Scroll            |       |     2 |     4 |    10 |    10 ||    26
 Stab: Sleeping          |    21 |    20 |    29 |    95 |    86 ||   251
       Confused          |       |     5 |    15 |    57 |    63 ||   140
       Distracted        |       |       |     2 |     4 |     1 ||     7
       Invisible         |       |       |       |    16 |    41 ||    57
  Eat: Ration            |     1 |     1 |     4 |     9 |     7 ||    22
Armor: Robe              |    19 |     5 |     9 |     8 |    13 ||    54
Dodge: Dodged            |   188 |    53 |   198 |   420 |   317 ||  1176
       Deflected         |       |       |       |       |     5 ||     5
Block: Buckler           |       |       |       |       |    89 ||    89
